 Dungeon Crawl Stone Soup version 0.31-a0-819-gf6de2f5ab6 (webtiles) character file.

Game seed: 11385021403445322051

3661 qw the Skirmisher (level 10, -1/64 HPs)
             Began as a Gargoyle Hunter on Sept 23, 2023.
             Was an Initiate of Okawaru.
             Slain by Psyche
             ... wielding a +2 dagger of distortion
              (7 damage)
             ... on level 7 of the Dungeon.
             The game lasted 00:03:35 (6949 turns).

qw the Skirmisher (Gargoyle Hunter)                 Turns: 6949, Time: 00:03:36

Health: -1/64      AC: 18    Str: 16    XL:     10   Next: 12%
Magic:  10/10      EV: 12    Int:  9    God:    Okawaru [......]
Gold:   376        SH:  0    Dex: 17    Spells: 9/9 levels left

rFire   + . .        Y - +2 shortbow
rCold   + . .        (shield currently unavailable)
rNeg    + . .        i - +1 ring mail {rF+}
rPois   inf          (no helmet)
rElec   +            c - +0 cloak
rCorr   .            k - +1 pair of gloves
SInv    .            e - +0 pair of boots
Will    .....        (no amulet)
Stlth   +            f - ring of protection from cold
HPRegen 0.30/turn    (no ring)
MPRegen 0.12/turn

%: no passive effects
@: no status effects
A: sickness immunity, AC +7, negative energy resistance 1, electricity
resistance, torment resistance 1, petrification resistance
a: Renounce Religion


You were on level 7 of the Dungeon.
You worshipped Okawaru.
Okawaru was noncommittal.
You visited 2 branches of the dungeon, and saw 9 of its levels.

You collected 496 gold pieces.
You spent 120 gold pieces at shops.


Innate Abilities, Weirdness & Mutations

You are immune to sickness and miasma.
Your stone body is resilient. (AC +7)
You are immune to poison.
You resist negative energy. (rN+)
You are resistant to electric shocks. (rElec)
You are resistant to unholy torment.
You are immune to petrification.


   Skills:
 - Level 8.2 Fighting
 + Level 11.9 Ranged Weapons
 - Level 4.0 Armour
 - Level 3.0 Dodging
 - Level 1.1 Stealth


You had 9 spell levels left.
You didn't know any spells.
Your spell library was empty.

Inventory:

Hand Weapons
 Y - a +2 shortbow (weapon)
Armour
 a - a +2 leather armour of cold resistance
 c - a +0 cloak (worn)
 e - a +0 pair of boots (worn)
 i - a +1 ring mail of fire resistance (worn)
 k - a +1 pair of gloves (worn)
Jewellery
 f - a ring of protection from cold (left hand)
Scrolls
 b - a scroll of identify
Potions
 g - a potion of might
 h - 3 potions of curing

Dungeon Overview and Level Annotations

Branches:
Dungeon (8/15)             Temple (1/1) D:4
   Lair: D:8-11

Altars:
Ashenzari
Cheibriados
Dithmenos
Elyvilon
Fedhas
Gozag
Kikubaaqudgha
Makhleb
Nemelex Xobeh
Okawaru
Qazlal
Ru
Sif Muna
Trog
Uskayaw
Vehumet
Wu Jian
Xom
Yredelemnul
Zin
The Shining One

Shops:
D:6 [

Annotations:
D:5 2 runed translucent doors, qw's ghost, novice GrHu
D:6 1 runed translucent door, Crazy Yiuf
D:7 Psyche


Message History

There is a stone staircase leading down here.
6937 ||| STILL FLEEEEING.
6938 ||| STILL FLEEEEING.
6939 ||| STILL FLEEEEING.
6940 ||| STILL FLEEEEING.
6941 ||| STILL FLEEEEING.
You hear some strange, mumbled words.
A swirling arc of seething chaos appears!
An arc of chaos appears from out of thin air!
The arc of chaos hits you!
You suddenly lose the ability to move!
You hear some strange, mumbled words.
A swirling arc of seething chaos appears!
An arc of chaos appears from out of thin air!
The arc of chaos hits you!
Something tries to affect you, but you resist.
You can move again.
6944 ||| STILL FLEEEEING.
6945 ||| STILL FLEEEEING.
Something misses you.
You start resting.
You condense into your normal self.
Your +2 shortbow unmelds from your body.
Your +0 cloak unmelds from your body.
Your +1 pair of gloves unmelds from your body.
Your +0 pair of boots unmelds from your body.
Your +1 ring mail of fire resistance unmelds from your body.
Your ring of protection from cold unmelds from your body.
You feel resistant to fire.
You hear some strange, mumbled words.
Something tries to affect you, but you resist.
You shoot an arrow.
You hear some strange, mumbled words.
A swirling arc of seething chaos appears!
An arc of chaos appears from out of thin air!
The arc of chaos hits you but does no damage.
You shoot an arrow. Something hits you but does no damage.
Space warps around you.
You shoot an arrow. Something hits you but does no damage.
Space warps horribly around you!
You die...

##..# ##.....#.###.#. ##...#
##...###...### #..#.#
##.###.#.....#.
####.##.###...#...#...#..
#####..)......#...#...#####..
##.%.......#.###...#...#...#).
##..###....:#.# ##.###.#.....#.
#..##_##...##.#####...###...###
#.##...##..##.@{.####....#### #
#.#8...8#..#####...#####.##
#.##...##..# ###.#####..#
#.###.##...# #....########
#.#7#.###### ####>...#.#.##
#.....7 #...###..... ###7#.#
#.#####.#.## ##.## #./.....###
##...## #######.####


There were no monsters in sight!

Vanquished Creatures
  Sigmund (D:5)
  A wyvern (D:7)
  A steam dragon (D:7)
  Edmund (D:5)
  Menkaure (D:6)
  2 ice beasts
  2 black bears
  A sky beast (D:6)
  2 ogres
  2 phantoms
  A centaur (D:6)
  2 bullfrogs
  A gnoll sergeant (D:4)
  3 scorpions
  17 wights
  A howler monkey (D:6)
  2 jellies
  4 orc priests
  A sleepcap (D:4)
  4 iguanas
  Natasha (thrice) (D:2)
  4 orc wizards
  6 adders
  12 gnolls
  2 white imps
  3 ufetubi
  3 worms
  4 dart slugs (D:1)
  26 orcs
  4 endoplasms
  7 giant cockroaches
  6 goblins
  8 hobgoblins
  9 jackals
  5 quokkas
  8 ball pythons
  9 bats
  3 frilled lizards
  13 kobolds
  7 rats
192 creatures vanquished.

Notes
Turn   | Place    | Note
-------+----------+-------------------------------------------
     0 | D:1      | qw the Gargoyle Hunter began the quest for the Orb.
     0 | D:1      | Reached XP level 1. HP: 12/12 MP: 1/1
     0 | D:1      | 0 ||| qw: Version: 0.3-a-83-gcd0e7d8
     0 | D:1      | 0 ||| qw: Game counter: 1618
     0 | D:1      | 0 ||| qw: Melee chars always use a shield: true
     0 | D:1      | 0 ||| qw: God list: Okawaru
     0 | D:1      | 0 ||| qw: Allow faded altars: false
     0 | D:1      | 0 ||| qw: Do Orc after clearing Dungeon:15 true
     0 | D:1      | 0 ||| qw: Do second Lair branch before Depths: true
     0 | D:1      | 0 ||| qw: Lair rune preference: random
     0 | D:1      | 0 ||| qw: Goals: Normal
     0 | D:1      | 0 ||| PLANNING D:1-11
    53 | D:1      | Reached XP level 2. HP: 12/17 MP: 2/2
   237 | D:1      | Reached XP level 3. HP: 21/21 MP: 3/3
   245 | D:1      | Found Hemich's Book Boutique.
   261 | D:1      | Reached skill level 5 in Ranged Weapons
   771 | D:1      | 771 ||| UPGRADING to +0 ring mail.
   781 | D:1      | 781 ||| DROPPING +0 leather armour.
   782 | D:1      | 782 ||| DROPPING ring of wizardry.
   783 | D:1      | 783 ||| READING scroll labelled JYAKOC PEIGOICS.
   784 | D:1      | 784 ||| READING scroll labelled FUCAGAUMMO.
   785 | D:1      | 785 ||| DROPPING scroll of butterflies.
   803 | D:2      | 803 ||| STAIRDANCE
   922 | D:2      | Reached skill level 1 in Armour
  1011 | D:2      | Noticed Natasha
  1016 | D:2      | Killed Natasha
  1017 | D:2      | Reached skill level 3 in Fighting
  1017 | D:2      | Reached XP level 4. HP: 17/28 MP: 4/4
  1078 | D:2      | Found a faded altar of an unknown god.
  1082 | D:2      | Noticed Natasha
  1089 | D:2      | Killed Natasha
  1128 | D:2      | Found a broken altar of Ashenzari.
  1269 | D:2      | Noticed Natasha
  1275 | D:2      | Killed Natasha
  1276 | D:2      | Reached XP level 5. HP: 30/32 MP: 5/5
  1304 | D:2      | 1304 ||| UPGRADING to +0 cloak.
  1309 | D:2      | 1309 ||| DROPPING ring of flight.
  1310 | D:2      | 1310 ||| READING scroll labelled PARPHA GATEAMA.
  1311 | D:2      | 1311 ||| READING scroll labelled YWUGILO KOFRU.
  1312 | D:2      | 1312 ||| READING scroll labelled XYAHI QISAO.
  1313 | D:2      | 1313 ||| READING scroll labelled LELLINAO LATZ.
  1340 | D:3      | Noticed a phantom
  1355 | D:3      | HP: 7/32 [phantom (4)]
  1358 | D:3      | Killed a phantom
  1359 | D:3      | Reached skill level 6 in Ranged Weapons
  1516 | D:3      | Reached XP level 6. HP: 36/37 MP: 6/6
  1553 | D:3      | 1553 ||| READING scroll of enchant weapon.
  1553 | D:3      | 1553 ||| ENCHANTING +1 shortbow.
  1695 | D:3      | Found a bloodstained altar of Trog.
  1706 | D:3      | Noticed a black bear
  1716 | D:3      | Killed a black bear
  1832 | D:3      | 1832 ||| FLEEEEING.
  1851 | D:3      | 1851 ||| FLEEEEING.
  1852 | D:3      | 1852 ||| FLEEEEING.
  1853 | D:3      | 1853 ||| FLEEEEING.
  1854 | D:3      | 1854 ||| FLEEEEING.
  1855 | D:3      | 1855 ||| FLEEEEING.
  1856 | D:3      | 1856 ||| FLEEEEING.
  1857 | D:3      | 1857 ||| FLEEEEING.
  1858 | D:3      | 1858 ||| FLEEEEING.
  1859 | D:3      | 1859 ||| FLEEEEING.
  1860 | D:3      | 1860 ||| FLEEEEING.
  1861 | D:3      | 1861 ||| FLEEEEING.
  1862 | D:3      | 1862 ||| FLEEEEING.
  1863 | D:3      | 1863 ||| FLEEEEING.
  1864 | D:3      | 1864 ||| FLEEEEING.
  1865 | D:3      | 1865 ||| FLEEEEING.
  2227 | D:3      | 2227 ||| UPGRADING to +0 pair of gloves.
  2232 | D:3      | 2232 ||| UPGRADING to +1 ring mail of fire resistance.
  2242 | D:3      | 2242 ||| DROPPING +0 ring mail.
  2243 | D:3      | 2243 ||| READING scroll labelled JEOSTR IFFIMI.
  2344 | D:3      | 2344 ||| DRINKING 2 sedimented brown potions.
  2345 | D:3      | 2345 ||| DROPPING potion of degeneration.
  2379 | D:4      | Reached skill level 7 in Ranged Weapons
  2379 | D:4      | Reached XP level 7. HP: 38/44 MP: 7/7
  2651 | D:4      | 2651 ||| Stepping ~*~*~tactically~*~*~ (retreating).
  2686 | D:4      | 2686 ||| FLEEEEING.
  2841 | D:4      | Found a staircase to the Ecumenical Temple.
  2842 | D:4      | 2842 ||| PLANNING TEMPLE
  2850 | Temple   | Entered the Ecumenical Temple
  2851 | Temple   | 2851 ||| PLANNING D:1-11
  3029 | D:4      | Found a stormy altar of Qazlal.
  3032 | D:4      | Found a burning altar of Makhleb.
  3035 | D:4      | Found a shimmering altar of Xom.
  3041 | D:4      | Reached skill level 8 in Ranged Weapons
  3041 | D:4      | Found a shimmering blue altar of Sif Muna.
  3041 | D:4      | Found a glowing silver altar of Zin.
  3045 | D:4      | Found a hide-covered altar of Uskayaw.
  3404 | D:4      | 3404 ||| UPGRADING to +1 pair of gloves.
  3414 | D:4      | 3414 ||| DROPPING +0 pair of gloves.
  3415 | D:4      | 3415 ||| UPGRADING to ring of protection from cold.
  3416 | D:4      | 3416 ||| READING 2 scrolls labelled MUNORCH MYCO.
  3417 | D:4      | 3417 ||| DRINKING 3 white potions.
  3418 | D:4      | 3418 ||| READING 3 scrolls of identify.
  3418 | D:4      | 3418 ||| IDENTIFYING murky black potion
  3419 | D:4      | 3419 ||| READING 2 scrolls of identify.
  3419 | D:4      | 3419 ||| IDENTIFYING silvery potion
  3420 | D:4      | 3420 ||| DROPPING potion of lignification.
  3421 | D:4      | 3421 ||| DROPPING potion of magic.
  3422 | D:4      | 3422 ||| DROPPING scroll of vulnerability.
  3434 | D:5      | Entered Level 5 of the Dungeon
  3435 | D:5      | 3435 ||| STAIRDANCE
  3454 | D:5      | 3454 ||| STAIRDANCE
  3470 | D:4      | Reached XP level 8. HP: 17/49 MP: 8/8
  3590 | D:5      | 3590 ||| STAIRDANCE
  3623 | D:5      | 3623 ||| STAIRDANCE
  3686 | D:5      | 3686 ||| FLEEEEING.
  3697 | D:5      | Noticed Sigmund
  3699 | D:5      | Noticed Edmund
  3700 | D:5      | 3700 ||| Stepping ~*~*~tactically~*~*~ (retreating).
  3702 | D:5      | 3702 ||| Stepping ~*~*~tactically~*~*~ (retreating).
  3707 | D:5      | 3707 ||| Stepping ~*~*~tactically~*~*~ (retreating).
  3708 | D:5      | 3708 ||| Stepping ~*~*~tactically~*~*~ (retreating).
  3711 | D:5      | Killed Sigmund
  3712 | D:5      | Reached skill level 9 in Ranged Weapons
  3732 | D:5      | HP: 10/49 [Edmund/+1 dire flail of holy wrath (5)]
  3734 | D:5      | HP: 4/49 [Edmund/+1 dire flail of holy wrath (1)]
  3735 | D:5      | Killed Edmund
  4009 | D:5      | Found a large runed translucent door.
  4010 | D:5      | Found a large runed translucent door.
  4013 | D:5      | Noticed qw's ghost (novice GrHu)
  4055 | D:5      | Reached skill level 6 in Fighting
  4782 | D:5      | 4782 ||| UPGRADING to +0 pair of boots.
  4787 | D:5      | 4787 ||| READING scroll labelled COYQAL ZEYRAC.
  4788 | D:5      | 4788 ||| DRINKING 2 fuming ruby potions.
  4789 | D:5      | 4789 ||| DROPPING potion of attraction.
  4836 | D:6      | 4836 ||| STAIRDANCE
  4899 | D:6      | Reached skill level 3 in Armour
  4948 | D:6      | Reached skill level 10 in Ranged Weapons
  4948 | D:6      | Reached XP level 9. HP: 55/55 MP: 9/9
  4963 | D:6      | Noticed Menkaure
  4970 | D:6      | Killed Menkaure
  4971 | D:6      | 4971 ||| RETREEAATING.
  4972 | D:6      | 4972 ||| STILL RETREEAATING.
  4974 | D:6      | 4974 ||| Stepping ~*~*~tactically~*~*~ (retreating).
  4978 | D:6      | 4978 ||| FLEEEEING.
  4992 | D:6      | 4992 ||| FLEEEEING.
  5013 | D:6      | 5013 ||| FLEEEEING.
  5055 | D:6      | Found Deel's Antique Armour Emporium.
  5112 | D:6      | 5112 ||| FLEEEEING.
  5121 | D:6      | 5121 ||| STAIRDANCE
  5151 | D:5      | 5151 ||| READING scroll labelled AZYENY TOWNOJE.
  5177 | D:6      | 5177 ||| FLEEEEING.
  5178 | D:6      | 5178 ||| FLEEEEING.
  5179 | D:6      | 5179 ||| FLEEEEING.
  5180 | D:6      | 5180 ||| FLEEEEING.
  5181 | D:6      | 5181 ||| STAIRDANCE
  5204 | D:6      | 5204 ||| STAIRDANCE
  5354 | D:6      | Reached skill level 11 in Ranged Weapons
  5481 | D:6      | 5481 ||| BUYING dyed leather armour (120 gold).
  5481 | D:6      | Bought a dyed leather armour for 120 gold pieces
  5549 | D:6      | Found a runed translucent door.
  5550 | D:6      | Noticed Crazy Yiuf
  5705 | D:6      | 5705 ||| FLEEEEING.
  5706 | D:6      | 5706 ||| FLEEEEING.
  5707 | D:6      | 5707 ||| FLEEEEING.
  5708 | D:6      | 5708 ||| FLEEEEING.
  5709 | D:6      | 5709 ||| FLEEEEING.
  5710 | D:6      | 5710 ||| FLEEEEING.
  5936 | D:6      | 5936 ||| DRINKING 2 fuming sapphire potions.
  5977 | D:7      | Reached skill level 3 in Dodging
  6328 | D:7      | Found an ornate altar of the Wu Jian Council.
  6328 | D:7      | Found an iron altar of Okawaru.
  6329 | D:7      | 6329 ||| PLANNING OKAWARU WORSHIP
  6337 | D:7      | Became a worshipper of Warmaster Okawaru
  6338 | D:7      | 6338 ||| PLANNING D:1-11
  6413 | D:7      | Reached XP level 10. HP: 58/64 MP: 10/10
  6845 | D:7      | 6845 ||| READING scroll labelled KUCRUNW PEOKA.
  6898 | D:8      | Noticed Psyche
  6899 | D:8      | 6899 ||| STAIRDANCE
  6917 | D:7      | 6917 ||| Stepping randomly (disturbance).
  6919 | D:7      | 6919 ||| Stepping randomly (disturbance).
  6929 | D:7      | 6929 ||| Stepping randomly (disturbance).
  6931 | D:7      | 6931 ||| Stepping randomly (disturbance).
  6932 | D:7      | 6932 ||| Stepping randomly (disturbance).
  6933 | D:7      | 6933 ||| Stepping randomly (disturbance).
  6934 | D:7      | 6934 ||| FLEEEEING.
  6934 | D:7      | HP: 7/64 [Psyche/+2 dagger of distortion (14)]
  6935 | D:7      | 6935 ||| FLEEEEING.
  6936 | D:7      | 6936 ||| FLEEEEING.
  6941 | D:7      | Paralysed by something for 3 turns
  6948 | D:7      | HP: 6/64 [something (5)]
  6949 | D:7      | Slain by Psyche

Levels and vault maps discovered:
D:1:      ebering_hopf_link, layout_loops_ring, serial_shops,
          nicolae_book_shop_shelving
D:2:      layout_rooms, ebering_ecumenical_altar_hall, basic_altar, uniq_natasha
D:3:      layout_basic, trog_book, kennysheep_another_room, grunt_ministairs_9
D:4:      corexii_shack_village, layout_basic, minitemple,
          minmay_temple_entry_sparse_star, fountainhead, minmay_starry_boxes
D:5:      layout_basic, ebering_ghost_disaster_area, sigmund_edmund_badplayer,
          uniq_sigmund
D:6:      layout_cave_pools, serial_shops, nicolae_shop_tiny_statue_garden,
          uniq_crazy_yiuf_cottage, uniq_menkaure
D:7:      nicolae_cairo_tiling, layout_rooms, amethyst_overflow_temple_binary,
          chequers_decorated_corner, grunt_decor_fettered
D:8:      layout_basic, erik_lair_dragon, uniq_pikel, uniq_psyche, uniq_maurice
Temple:   hc_temple_tempest_star

Skill      XL: |  1  2  3  4  5  6  7  8  9 |
---------------+----------------------------+-----
Ranged Weapons | 5 6 7 8 10 11 | 11.9
Armour         | 1 2 3 4 |  4.0
Fighting       | 3 4 5 6 8 |  8.2
Dodging        | 2 3 |  3.0
Stealth        | |  1.1

Action                     |  1- 3 |  4- 6 |  7- 9 | 10-12 || total
---------------------------+-------+-------+-------+-------++-------
  Melee: Unarmed           |       |       |       |     1 ||     1
   Fire: Shortbow          |   129 |   128 |   547 |    88 ||   892
    Use: Scroll            |     2 |     6 |     5 |     1 ||    14
         Potion            |       |     1 |     3 |       ||     4
 Armour: Leather armour    |    23 |       |       |       ||    23
         Ring mail         |    13 |    54 |   287 |    30 ||   384
         Skin              |       |       |       |    11 ||    11
  Dodge: Dodged            |    32 |    43 |   194 |    33 ||   302

Table legend:
 A = Non-vault XP
 B = Vault XP
 C = Vault XP percentage of total XP
 D = Non-vault monster count
 E = Vault monster count
 F = Vault count percentage of total count
                 A         B        C        D         E       F
            +---------+---------+-------+---------+---------+-------
      Total |    4458 |     773 |  14.8 |     174 |      18 |   9.4
            +---------+---------+-------+---------+---------+-------
        D:1 |      64 |       0 |   0.0 |      34 |       0 |   0.0
        D:2 |      98 |      36 |  26.9 |      14 |       1 |   6.7
        D:3 |     362 |       7 |   1.9 |      23 |       2 |   8.0
        D:4 |     465 |     190 |  29.0 |      37 |      12 |  24.5
        D:5 |     505 |     383 |  43.1 |      14 |       2 |  12.5
        D:6 |    1369 |     157 |  10.3 |      27 |       1 |   3.6
        D:7 |    1595 |       0 |   0.0 |      25 |       0 |   0.0
            +---------+---------+-------+---------+---------+-------
